 Dungeon Crawl Stone Soup version 0.29-a0-275-g389c0b56f3 (webtiles) character file.

Game seed: 10351065930865069115

11498 spaghetti the Basher (level 11, -1/92 HPs)
             Began as a Demonspawn Berserker on Mar 12, 2022.
             Was a Priest of Trog.
             Slain by a troll (4 damage)
             ... on level 11 of the Dungeon.
             The game lasted 00:19:31 (13347 turns).

spaghetti the Basher (Demonspawn Berserker)        Turns: 13347, Time: 00:19:32

Health: -1/92      AC: 15    Str: 24    XL:     11   Next: 50%
Magic:  11/11      EV: 10    Int:  9    God:    Trog [***...]
Gold:   602        SH:  4    Dex: 12    Spells: 10/10 levels left

rFire   + . .      SeeInvis +   i - +4 mace {mace}
rCold   . . .      Faith    .   (no shield)
rNeg    . . .      Spirit   .   l - +1 scale mail {Will+}
rPois   .          Reflect  .   (helmet unavailable)
rElec   .          Harm     .   s - +0 cloak
rCorr   .          Rampage  .   j - +1 pair of gloves
Will    +++..                   w - +0 pair of boots
Stlth   ..........              (no amulet)
HPRegen 1.25/turn               g - ring of protection from fire
MPRegen 0.12/turn               I - +4 ring of protection

@: mighty, strong-willed, on berserk cooldown, regenerating, slowed, very slow
A: antennae 3, large bone plates 1, demonic guardian 2, hooves 1, strong 1, wild
magic 1
a: Renounce Religion, Berserk, Trog's Hand


You were on level 11 of the Dungeon.
You worshipped Trog.
Trog was most pleased with you.
You visited 1 branch of the dungeon, and saw 11 of its levels.

You collected 602 gold pieces.


Innate Abilities, Weirdness & Mutations

You have a pair of large antennae on your head. (SInv)
You are partially covered in large bone plates. (SH +4)
A demonic guardian rushes to your aid.
You have large cloven feet.
Your muscles are strong. (Str +2)
Your spells are a little harder to cast, but a little more powerful.


   Skills:
 + Level 10.5 Fighting
 - Level 3.9(9.7) Axes
 - Level 13.7(14.0) Maces & Flails
 - Level 1.7 Armour
 - Level 1.7 Dodging


You had 10 spell levels left.
You didn't know any spells.
Your spell library contained the following spells:

 Spells                   Type           Power      Damage    Failure   Level
 Beastly Appendage        Tmut           0%         N/A       77%         1
 Sting                    Tmut/Pois      0%         1d3       77%         1
 Summon Small Mammal      Summ           0%         N/A       77%         1
 Blink                    Tloc           0%         N/A       88%         2
 Wereblood                Tmut           0%         N/A       88%         2
 Ignite Poison            Fire/Tmut/Pois 0%         N/A       98%         3
 Lesser Beckoning         Tloc           0%         N/A       98%         3
 Mephitic Cloud           Conj/Pois/Air  0%         N/A       98%         3
 Spider Form              Tmut/Pois      0%         N/A       98%         3
 Freezing Cloud           Conj/Ice/Air   0%         6-21      100%        5
 Manifold Assault         Tloc           0%         N/A       100%        5

Inventory:

Hand Weapons
 a - a +0 hand axe {axe}
 i - a +4 mace (weapon) {mace}
   (You found it on level 1 of the Dungeon)
 p - a +2 war axe of draining {axe}
   (You found it on level 6 of the Dungeon)
 y - a +1 spear {polearm}
   (You took it off a wight on level 6 of the Dungeon)
 C - a +4 mace {mace}
   (You took it off a wight on level 8 of the Dungeon)
 D - a +3 great sword {long}
   (You took it off a wight on level 8 of the Dungeon)
 E - a +4 battleaxe {axe}
   (You took it off a wight on level 8 of the Dungeon)
 G - a +5 mace {mace}
   (You took it off a wight on level 8 of the Dungeon)
 H - a +2 halberd {polearm}
   (You took it off a wight on level 8 of the Dungeon)
 K - a +2 vampiric dagger {short}
   (You took it off an orc wizard on level 9 of the Dungeon)
 T - a +2 whip of draining {mace}
   (You took it off an orc on level 10 of the Dungeon)
 U - a +0 dagger of speed {short}
   (You found it on level 10 of the Dungeon)
Missiles
 c - 181 stones (quivered) {throwing}
 h - 11 boomerangs {throwing}
 t - 19 poisoned darts {throwing}
 B - 5 atropa-tipped darts {throwing}
 N - a curare-tipped dart {=fthrowing}
Armour
 b - a +0 animal skin
 j - a +1 pair of gloves (worn)
   (You found it on level 1 of the Dungeon)
 l - a +1 scale mail of willpower (worn)
   (You found it on level 2 of the Dungeon)
 s - a +0 cloak (worn)
   (You found it on level 3 of the Dungeon)
 w - a +0 pair of boots (worn)
   (You found it on level 8 of the Dungeon)
Jewellery
 g - a ring of protection from fire (left hand)
   (You found it on level 1 of the Dungeon)
 k - an amulet of the acrobat
   (You found it on level 1 of the Dungeon)
 r - a ring of wizardry
   (You found it on level 3 of the Dungeon)
 I - a +4 ring of protection (right hand)
   (You found it on level 8 of the Dungeon)
 P - a ring of willpower
   (You took it off a kobold on level 9 of the Dungeon)
 Y - a ring of see invisible
   (You found it on level 11 of the Dungeon)
Wands
 v - a wand of paralysis (11)
   (You found it on level 7 of the Dungeon)
 x - a wand of iceblast (33)
   (You found it on level 6 of the Dungeon)
 z - a wand of polymorph (8)
   (You found it on level 6 of the Dungeon)
 L - a wand of flame (14)
   (You found it on level 9 of the Dungeon)
 M - a wand of acid (2)
   (You took it off a goblin on level 9 of the Dungeon)
 S - a wand of mindburst (7)
   (You found it on level 10 of the Dungeon)
Scrolls
 m - 3 scrolls of vulnerability {!r!r}
 n - 4 scrolls of teleportation {@r4}
 u - 2 scrolls of identify {@r1}
 A - a scroll of magic mapping {!r}
 J - a scroll of holy word {!r}
 V - 2 scrolls of enchant armour
 X - a scroll of enchant weapon
Potions
 e - 4 potions of attraction {!q}
 f - 4 potions of magic
 o - 4 potions of resistance
 q - a potion of curing {@q1}
 F - a potion of mutation {!q}
 O - a potion of degeneration {!q@e2}
 Q - a potion of lignification {!q}
 R - a potion of cancellation
 W - a potion of brilliance

Dungeon Overview and Level Annotations

Branches:
Dungeon (11/15)            Temple (0/1) D:5            Lair (0/6) D:11
    Orc: D:9-12

Altars:
Dithmenos
Fedhas
Gozag
Hepliaklqana
Kikubaaqudgha
Nemelex Xobeh
Okawaru
Ru
Trog
Wu Jian
Xom
Yredelemnul
Zin

Annotations:
D:11 exclusion: ice statue

#.................
#................. .
#................. #.
#................# ...
#...............## .>..
#................# .....
#.................
#..O##....#######y.....
#.T@...'.....#......
......#4#...#.....†......
........#...#.....#......
..##....#...#.....#......
. #.....#...#.#####......
#+#####...###..........
.................
...........†......
#...........#######


You could see a two-headed ogre, a troll (ally target) and a friendly hellwing
(summoned).


Message History

You barely miss the death yak.
You block the death yak's attack. 😕 HP[+1]
You sock the death yak! You thump the death yak!
The death yak gores you!! 😮 HP[-21]
You take 21 damage, and now have 95/133 hp.
You thump the death yak! You hit the death yak.
You block the death yak's attack. The troll completely misses you.
The troll claws you but does no damage. x2
You thump the death yak! You sock the death yak!
You hit the death yak. 😮 HP[+1]
You thump the death yak!
You kill the death yak!
Trog accepts your kill. 😮 HP[+1]
You now have 135 max hp (+2).
You sock the death yak! You barely miss the death yak. 😮 HP[+1]
You barely miss the death yak.
You punch the death yak, but do no damage.
A two-headed ogre comes into view. It is wielding two +0 giant clubs.
The two-headed ogre shouts in stereo!
You hit the death yak. You bludgeon the death yak!!
The death yak closely misses you.
You sock the death yak! You sock the death yak!
The death yak gores you but does no damage.
You hit the death yak. You sock the death yak!
You feel the power of Trog in you as your rage grows.
You kill the death yak!
Trog accepts your kill. The death yak gores you!
Your Fighting skill increases to level 10! 😮 HP[-13]
You now have 136 max hp (+1).
You take 13 damage, and now have 85/136 hp.
You barely miss the death yak. You sock the death yak!
The death yak closely misses you.
You sock the death yak! 😮 HP[+1]
You hit the death yak. You thump the death yak!
The death yak gores you! 😮 HP[-13]
You take 13 damage, and now have 73/136 hp.
You bludgeon the death yak!! You hit the death yak.
The troll barely misses you. x2
The troll claws you but does no damage. The death yak gores you!!
* * * LOW HITPOINT WARNING * * *
😨 HP[-19]
You take 19 damage, and now have 54/136 hp.
You sock the death yak!
You kill the death yak!
Trog accepts your kill.
You can now call in reinforcements.
You are no longer berserk.
You are exhausted.
You feel yourself slow down. 😨 HP[-17]
You now have 92 max hp (-44).
Unknown command.
Your skin crawls.
You feel strong-willed.
You can no longer call in reinforcements.
The troll bites you.
* * * LOW HITPOINT WARNING * * *
The troll claws you.
* * * LOW HITPOINT WARNING * * *
The troll claws you.
* * * LOW HITPOINT WARNING * * *
The troll bites you.
* * * LOW HITPOINT WARNING * * *
The troll barely misses you. You block the troll's attack. 😱 HP[-14]
You take 14 damage, and now have 23/92 hp.
Unknown command.
Unknown command.
Okay, then.
You feel very mighty all of a sudden. The troll bites you!
* * * LOW HITPOINT WARNING * * *
A demonic guardian appears!
The troll completely misses you. The troll claws you.
* * * LOW HITPOINT WARNING * * *
😱 HP[-9]
You take 9 damage, and now have 14/92 hp.
Unknown command.
Unknown command.
The troll attacks as you move away! You block the troll's attack.
The troll claws you.
* * * LOW HITPOINT WARNING * * *
The troll claws you.
* * * LOW HITPOINT WARNING * * *
The troll bites you!
* * * LOW HITPOINT WARNING * * *
The troll completely misses you. The troll claws you.
You die...

Skill      XL: |  1  2  3  4  5  6  7  8  9 10 11 |
---------------+----------------------------------+-----
Axes           | 3 |  3.9
Maces & Flails | 1 3 4 6 7 10 12 13 | 13.7
Fighting       | 7 10 | 10.5
Armour         | |  1.7
Dodging        | |  1.7

Action                   |  1- 3 |  4- 6 |  7- 9 | 10-12 || total
-------------------------+-------+-------+-------+-------++-------
Melee: Hand axe          |    45 |       |       |       ||    45
       Mace              |    28 |   100 |   332 |   358 ||   818
       Punch             |       |     3 |     1 |     6 ||    10
       Kick              |       |       |    69 |       ||    69
Throw: Stone             |       |    32 |    78 |    14 ||   124
Invok: Berserk           |     1 |     4 |     9 |    15 ||    29
       Trog's Hand       |       |       |     1 |     1 ||     2
  Use: Scroll            |     5 |     3 |     3 |     6 ||    17
       Potion            |       |     1 |     5 |     3 ||     9
 Stab: Distracted        |     1 |       |       |       ||     1
Armor: Animal skin       |    13 |       |       |       ||    13
       Scale mail        |    19 |    51 |   160 |   153 ||   383
Dodge: Dodged            |    48 |    46 |   134 |   169 ||   397
Block: Other             |       |       |       |    64 ||    64

Levels and vault maps discovered:
D:1:      lightli_arrival_statue_moat, layout_loops_corners,
          shapermc_ecumenical_altar_starsandcircs
D:2:      layout_loops_ring, basic_altar, uniq_robin, uniq_crazy_yiuf_cottage
D:3:      layout_basic
D:4:      layout_rooms, hangedman_decor_clover_reticule, minmay_quadrilaterals
D:5:      layout_rooms, lemuel_crystal_altar, overflow_temple_1_default,
          minmay_temple_entry_overgrown, minmay_misc_feat_encased,
          kennysheep_diamond, minmay_crystal_water
D:6:      layout_loops_ring, mainiacjoe_overflow_six_doors_small,
          lemuel_mausoleum_altar_kikubaaqudgha
D:7:      layout_loops_ring
D:8:      layout_basic, kennysheep_mini, lemuel_another_geyser
D:9:      layout_basic, grunt_temple_overflow_cloverleaf, enter_bailey_5,
          kennysheep_another_room, uniq_joseph
D:10:     layout_roguey, bloody_trog, mainiacjoe_overflow_boulevard,
          nicolae_wu_jian_immortal_techniques
D:11:     cheibrodos_frozen_isle, layout_irregular_city, dpeg_lair_monsters,
          minmay_fractal_squares_gapless_7, uniq_snorg

Notes
Turn   | Place    | Note
-------+----------+-------------------------------------------
     0 | D:1      | spaghetti the Demonspawn Berserker began the quest for the
                  | Orb.
     0 | D:1      | Reached XP level 1. HP: 18/18 MP: 1/1
     0 | D:1      | magus.rc [v1.9.6]
   284 | D:1      | Found a faded altar of an unknown god.
   361 | D:1      | Reached skill level 3 in Axes
   439 | D:1      | magus.rc [v1.9.6]
   543 | D:1      | Gained mutation: You have a pair of small antennae on your
                  | head. [demonic ancestry]
   543 | D:1      | Reached XP level 2. HP: 24/24 MP: 2/2
  1035 | D:2      | Noticed Robin
  1051 | D:2      | Killed Robin
  1052 | D:2      | Reached XP level 3. HP: 19/29 MP: 3/3
  1359 | D:2      | Found a sparkling altar of Nemelex Xobeh.
  2102 | D:3      | Reached skill level 1 in Maces & Flails
  2175 | D:3      | Gained mutation: A weak demonic guardian rushes to your
                  | aid. [demonic ancestry]
  2175 | D:3      | Reached XP level 4. HP: 33/35 MP: 4/4
  2182 | D:3      | Reached skill level 2 in Maces & Flails
  2287 | D:3      | Reached ** piety under Trog
  2373 | D:3      | Noticed a kobold brigand
  2378 | D:3      | HP: 11/52 [kobold brigand/+0 short sword (4)]
  2381 | D:3      | Killed a kobold brigand
  2382 | D:3      | Reached skill level 3 in Maces & Flails
  2382 | D:3      | Reached XP level 5. HP: 10/41 MP: 5/5
  2383 | D:3      | HP: 8/61 [poisoned by a kobold brigand]
  2387 | D:3      | HP: 3/41 [poisoned by a kobold brigand]
  3400 | D:4      | Reached skill level 4 in Maces & Flails
  3453 | D:4      | Noticed an ogre
  3459 | D:4      | Killed an ogre
  3460 | D:4      | Gained mutation: A demonic guardian rushes to your aid.
                  | [demonic ancestry]
  3460 | D:4      | Reached XP level 6. HP: 39/47 MP: 6/6
  3566 | D:4      | Reached skill level 5 in Maces & Flails
  3769 | D:4      | You pick up a book of Spatial Translocations {forbidden}
                  | and begin reading...
  3769 | D:4      | You add the spells Blink, Lesser Beckoning and Manifold
                  | Assault to your library.
  3893 | D:4      | Reached skill level 6 in Maces & Flails
  3893 | D:4      | Reached XP level 7. HP: 52/52 MP: 7/7
  4430 | D:5      | Entered Level 5 of the Dungeon
  4442 | D:5      | Found a blossoming altar of Fedhas.
  4477 | D:5      | HP: 10/52 [iguana (6)]
  4754 | D:5      | Reached skill level 7 in Maces & Flails
  4971 | D:5      | Gained mutation: You have a pair of antennae on your head.
                  | [demonic ancestry]
  4971 | D:5      | Reached XP level 8. HP: 40/58 MP: 8/8
  5088 | D:5      | Reached skill level 8 in Maces & Flails
  5197 | D:5      | Found a staircase to the Ecumenical Temple.
  5302 | D:5      | Gained mutation: You have large cloven feet. [potion of
                  | mutation]
  5302 | D:5      | Gained mutation: Your muscles are strong. (Str +2) [potion
                  | of mutation]
  5302 | D:5      | Gained mutation: Your spells are a little harder to cast,
                  | but a little more powerful. [potion of mutation]
  5403 | D:5      | Reached skill level 9 in Maces & Flails
  6100 | D:6      | Reached skill level 10 in Maces & Flails
  6458 | D:6      | Reached XP level 9. HP: 56/63 MP: 9/9
  6574 | D:6      | Reached *** piety under Trog
  6577 | D:6      | Reached skill level 11 in Maces & Flails
  6661 | D:6      | Found an ancient bone altar of Kikubaaqudgha.
  6895 | D:6      | Found a hazy altar of Hepliaklqana.
  7240 | D:7      | Reached skill level 12 in Maces & Flails
  7289 | D:7      | You pick up a book of Changes {forbidden} and begin
                  | reading...
  7289 | D:7      | You add the spells Beastly Appendage, Wereblood and Spider
                  | Form to your library.
  7880 | D:7      | HP: 10/63 [orc warrior/+0 long sword (10)]
  8367 | D:8      | Found an iron altar of Okawaru.
  8499 | D:8      | Gained mutation: You are partially covered in large bone
                  | plates. (SH +4) [demonic ancestry]
  8499 | D:8      | Reached XP level 10. HP: 59/68 MP: 10/10
  8894 | D:8      | Reached skill level 13 in Maces & Flails
  9850 | D:9      | Found a flagged portal.
 10252 | D:9      | Reached **** piety under Trog
 10389 | D:9      | Found a sacrificial altar of Ru.
 10389 | D:9      | Found a shadowy altar of Dithmenos.
 10389 | D:9      | Found an opulent altar of Gozag.
 10389 | D:9      | Found a shimmering altar of Xom.
 10471 | D:9      | You add the spells Summon Small Mammal and Sting to your
                  | library.
 10471 | D:9      | Got Theurgy for Beginners {forbidden}
 10479 | D:9      | Noticed a two-headed ogre
 10489 | D:9      | Killed a two-headed ogre
 10490 | D:9      | Reached skill level 4 in Fighting
 10730 | D:9      | Noticed Joseph
 10746 | D:9      | Killed Joseph
 10747 | D:9      | Reached skill level 5 in Fighting
 11176 | D:10     | Entered Level 10 of the Dungeon
 11192 | D:10     | Reached skill level 6 in Fighting
 11506 | D:10     | You add the spells Ignite Poison, Mephitic Cloud and
                  | Freezing Cloud to your library.
 11582 | D:10     | Found a basalt altar of Yredelemnul.
 11596 | D:10     | Noticed a two-headed ogre
 11605 | D:10     | Killed a two-headed ogre
 11606 | D:10     | Reached skill level 7 in Fighting
 12221 | D:10     | Found an ornate altar of the Wu Jian Council.
 12235 | D:10     | Gained mutation: You have a pair of large antennae on your
                  | head. (SInv) [demonic ancestry]
 12235 | D:10     | Reached XP level 11. HP: 82/82 MP: 11/11
 12340 | D:10     | Found a bloodstained altar of Trog.
 12449 | D:11     | Noticed a boulder beetle
 12473 | D:11     | Killed a boulder beetle
 12474 | D:11     | Reached skill level 8 in Fighting
 12485 | D:11     | Noticed a brown ugly thing
 12649 | D:11     | Killed a brown ugly thing
 12891 | D:11     | Noticed a green ugly thing
 12901 | D:11     | Killed a green ugly thing
 12902 | D:11     | Reached skill level 9 in Fighting
 13301 | D:11     | Found a staircase to the Lair.
 13302 | D:11     | Noticed a death yak
 13303 | D:11     | Noticed a death yak
 13318 | D:11     | Noticed a death yak
 13327 | D:11     | Killed a death yak
 13330 | D:11     | Noticed a two-headed ogre
 13336 | D:11     | Killed a death yak
 13337 | D:11     | Reached skill level 10 in Fighting
 13344 | D:11     | Killed a death yak
 13345 | D:11     | HP: 23/92 [troll (2)]
 13347 | D:11     | HP: 8/92 [troll (4)]
 13347 | D:11     | HP: 3/92 [troll (7)]
 13347 | D:11     | Slain by a troll

Vanquished Creatures
  A boulder beetle (D:11)
  A two-headed ogre (D:9)
  3 death yaks (D:11)
  2 ugly things (D:11)
  Joseph (D:9)
  A vampire (D:10)
  A wyvern (D:9)
  3 vampire mosquitoes (D:11)
  2 steam dragons (D:8)
  An acid dragon (D:11)
  2 water moccasins
  5 orc warriors
  3 sky beasts
  5 ice beasts
  3 black bears
  An ogre (D:4)
  5 centaurs
  3 phantoms
  3 kobold brigands
  A bullfrog (D:4)
  2 wyvern zombies (D:6)
  5 necrophages
  A scorpion (D:5)
  A water moccasin zombie (D:6)
  12 wights
  18 killer bees
  2 howler monkeys (D:9)
  A bullfrog zombie (D:6)
  A human zombie (D:6)
  2 jellies (D:5)
  5 hounds
  A gnoll shaman (D:10)
  4 orc priests
  4 iguanas
  9 orc wizards
  4 hell rats (D:11)
  Robin (D:2)
  4 gnolls
  4 adders
  A river rat (D:11)
  A shadow imp (D:6)
  2 white imps
  An ufetubus (D:7)
  A worm (D:3)
  2 dart slugs
  23 orcs
  6 endoplasms
  A giant cockroach (D:1)
  14 goblins
  7 hobgoblins
  A jackal (D:2)
  3 quokkas
  5 ball pythons
  2 bats
  A frilled lizard (D:3)
  7 kobolds
  4 rats
210 creatures vanquished.

Vanquished Creatures (collateral kills)
  A two-headed ogre (D:10)
  A vampire mosquito (D:11)
  A gnoll shaman (D:6)
  An iguana (D:5)
  2 gnolls (D:6)
  An adder (D:5)
  An orc (D:7)
8 creatures vanquished.

Grand Total: 218 creatures vanquished

Table legend:
 A = Non-vault XP
 B = Vault XP
 C = Vault XP percentage of total XP
 D = Non-vault monster count
 E = Vault monster count
 F = Vault count percentage of total count
                 A         B        C        D         E       F
            +---------+---------+-------+---------+---------+-------
      Total |   12140 |    4286 |  26.1 |     177 |      41 |  18.8
            +---------+---------+-------+---------+---------+-------
        D:1 |      18 |       0 |   0.0 |      10 |       0 |   0.0
        D:2 |       8 |      29 |  78.4 |       5 |       8 |  61.5
        D:3 |     222 |       0 |   0.0 |      22 |       0 |   0.0
        D:4 |     527 |     137 |  20.6 |      19 |       3 |  13.6
        D:5 |    1021 |     164 |  13.8 |      15 |       3 |  16.7
        D:6 |     962 |     931 |  49.2 |      18 |      12 |  40.0
        D:7 |    1335 |       0 |   0.0 |      19 |       0 |   0.0
        D:8 |    1103 |       0 |   0.0 |      14 |       0 |   0.0
        D:9 |    2303 |     442 |  16.1 |      26 |       5 |  16.1
       D:10 |    1815 |       0 |   0.0 |      21 |       0 |   0.0
       D:11 |    2826 |    2583 |  47.8 |       8 |      10 |  55.6
            +---------+---------+-------+---------+---------+-------

Illustrated notes

Table legend:
 A = Kills in this place as a percentage of kills in entire the game.
 B = Kills by you in this place as a percentage of kills by you in the entire game.
 C = Kills by friends in this place as a percentage of kills by friends in the entire game.
 D = Other kills in this place as a percentage of other kills in the entire game.
 E = Experience gained in this place as a percentage of experience gained in the entire game.
 F = Experience gained in this place divided by the number of levels of this place that you have seen.
                   A       B       C       D       E      F
               +-------+-------+-------+-------+-------+----------------------
         Total | 100.0 | 100.0 | 100.0 |   N/A | 100.0 | 1493.3
       Dungeon | 100.0 | 100.0 | 100.0 |   N/A | 100.0 | 1493.3
               +-------+-------+-------+-------+-------+----------------------

Table legend: (Time is in decaauts)
 A = Elapsed time spent in this place.
 B = Non-inter-level travel time spent in this place.
 C = Inter-level travel time spent in this place.
 D = Time resting spent in this place.
 E = Time spent auto-exploring this place.
 F = Levels seen in this place.
 G = Mean time per level.
                   A        B        C        D        E       F      G
               +--------+--------+--------+--------+--------+-----+--------+
         Total |  13461 |  13160 |    301 |   3495 |   7979 |  11 | 1223.7 |
       Dungeon |  13461 |  13160 |    301 |   3495 |   7979 |  11 | 1223.7 |
               +--------+--------+--------+--------+--------+-----+--------+

Top non-repeatable levels by time:
     D:3: 1448 daAuts
     D:9: 1432 daAuts
    D:10: 1419 daAuts
     D:8: 1412 daAuts
     D:6: 1405 daAuts
     D:7: 1283 daAuts
     D:5: 1258 daAuts
     D:4: 1089 daAuts
     D:1: 1039 daAuts
     D:2: 912 daAuts
    D:11: 761 daAuts
